 Dungeon Crawl Stone Soup version 0.20-a0-971-g5896763 (webtiles) character file.

310 inmateoo the Skirmisher (level 6, 0/48 HPs)
             Began as a Demonspawn Fighter on Apr 8, 2017.
             Was an Initiate of Okawaru.
             Slain by a hobgoblin
             ... wielding a +0 scythe
              (5 damage)
             ... on level 5 of the Dungeon.
             The game lasted 00:05:51 (4876 turns).

inmateoo the Skirmisher (Demonspawn Fighter)        Turns: 4876, Time: 00:05:52

Health: 0/48       AC:  8    Str: 23    XL:     6   Next: 18%
Magic:  0/6        EV:  7    Int: 14    God:    Okawaru [......]
Gold:   158        SH:  9    Dex: 13    Spells: 5/5 levels left

rFire    . . .     SeeInvis .   a - +0 war axe
rCold    . . .     Gourm    .   c - +0 shield
rNeg     . . .     Faith    .   b - +0 scale mail
rPois    .         Spirit   +   (helmet restricted)
rElec    .         Reflect  .   (no cloak)
rCorr    .         Harm     .   (no gloves)
MR       .....                  q - +0 pair of boots
Stlth    ..........             (no amulet)
Regen    0.2/turn               (no ring)
MPRegen  0.1/turn               (no ring)

@: mighty, brilliant
A: hooves 1, horns 1, magic shield
a: Renounce Religion


You were on level 5 of the Dungeon.
You worshipped Okawaru.
Okawaru was noncommittal.
You were very hungry.

You visited 2 branches of the dungeon, and saw 6 of its levels.

You collected 158 gold pieces.

Inventory:

Hand Weapons
 a - a +0 war axe (weapon)
Armour
 b - a +0 scale mail (worn)
 c - a +0 shield (worn)
 n - a +1 helmet
 q - a +0 pair of boots (worn)
Scrolls
 g - 5 scrolls of remove curse
 l - 2 scrolls of enchant armour
 r - 2 scrolls of teleportation
 t - a scroll of amnesia
Potions
 d - 2 potions of mutation
 h - a potion of haste {unknown}
 j - a potion of flight {unknown}
 k - a potion of magic {unknown}
 s - a potion of brilliance
 w - a potion of might
 A - a potion of agility
Books
 o - a book of Minor Magic

   Spells                             Type                      Level
   a - Magic Dart                     Conjuration                  1
   b - Blink                          Translocation                2
   c - Call Imp                       Summoning                    2
   d - Slow                           Hexes                        2
   e - Conjure Flame                  Conjuration/Fire             3
   f - Mephitic Cloud                 Conjuration/Poison/Air       3
 y - a book of Air

   Spells                             Type                      Level
   a - Shock                          Conjuration/Air              1
   b - Swiftness                      Charms/Air                   2
   c - Static Discharge               Conjuration/Air              3
   d - Airstrike                      Air                          4
   e - Lightning Bolt                 Conjuration/Air              5
Comestibles
 f - a bread ration
 m - 4 fruits
 z - a meat ration


   Skills:
 + Level 4.2 Fighting
 * Level 4.2 Axes
 + Level 4.0 Armour
 - Level 2.7 Shields


You had 5 spell levels left.
You didn't know any spells.

Dungeon Overview and Level Annotations

Branches:
Dungeon (5/15)             Temple (1/1) D:4

Altars:
Ashenzari
Cheibriados
Dithmenos
Elyvilon
Fedhas
Gozag
Hepliaklqana
Kikubaaqudgha
Makhleb
Nemelex Xobeh
Okawaru
Qazlal
Sif Muna
Trog
Vehumet
Wu Jian
Xom
Yredelemnul
Zin
The Shining One

Annotations:
D:3 youMom's ghost, amateur BuBe
D:4 Edmund; inmateoo's ghost, amateur DsFi


Innate Abilities, Weirdness & Mutations

You have large cloven feet.
You have a pair of small horns on your head.
When hurt, damage is shared between your health and your magic reserves.


Message History

* * * LOW HITPOINT WARNING * * *
You closely miss the hobgoblin. Your headbutt misses the hobgoblin.
You block the hobgoblin's attack.
Okay, then.
You closely miss the hobgoblin. Your headbutt misses the hobgoblin.
The hobgoblin hits you from afar with a scythe.
* * * LOW HITPOINT WARNING * * *
The hobgoblin barely misses you.
Unknown command.
You closely miss the hobgoblin.
The hobgoblin hits you from afar with a scythe.
* * * LOW HITPOINT WARNING * * *
Unknown command.
It was a potion of brilliance.
You feel clever all of a sudden. You block the hobgoblin's attack. x2
You feel very mighty all of a sudden. You block the hobgoblin's attack.
The hobgoblin hits you from afar with a scythe.
You die...

#.......#........ยง##.# #
#.......#............# #
#.......#.........#######
##.######...<.....'......
#g# #.........####### #.#
#.........# # #.#
#.........# #
#.######.........# #
#....gg@.[...#####
##############


You could see 2 hobgoblins.

Vanquished Creatures
  Eustachio (D:5)
  Robin (D:3)
  A gnoll (D:1)
  4 adders
  A worm (D:2)
  3 dart slugs
  4 leopard geckos
  5 orcs (D:4)
  A ball python (D:2)
  6 giant cockroaches
  12 goblins
  13 hobgoblins
  4 jackals (D:1)
  4 quokkas
  4 bats
  4 frilled lizards
  12 kobolds
  A quokka skeleton (D:5)
  11 rats
92 creatures vanquished.

Notes
Turn   | Place    | Note
-------+----------+-------------------------------------------
     0 | D:1      | inmateoo the Demonspawn Fighter began the quest for the Orb.
     0 | D:1      | Reached XP level 1. HP: 18/18 MP: 1/1
   152 | D:1      | Gained mutation: You have large cloven feet. [demonic ancestry]
   152 | D:1      | Reached XP level 2. HP: 14/24 MP: 2/2
  1036 | D:1      | Gained mutation: When hurt, damage is shared between your health and your magic reserves. [demonic ancestry]
  1036 | D:1      | Reached XP level 3. HP: 19/29 MP: 3/3
  1789 | D:2      | Reached XP level 4. HP: 34/35 MP: 4/4
  2468 | D:3      | Found a sparkling altar of Nemelex Xobeh.
  2603 | D:3      | Noticed youMom's ghost (amateur BuBe)
  2775 | D:3      | Found a white marble altar of Elyvilon.
  3250 | D:4      | Noticed Robin
  3255 | D:4      | Noticed inmateoo's ghost (amateur DsFi)
  3259 | D:4      | Reached XP level 5. HP: 28/42 MP: 3/5
  3405 | D:3      | Killed Robin
  3763 | D:4      | Noticed Edmund
  3815 | D:3      | HP: 2/42 [quokka (3)]
  4165 | D:4      | Found a staircase to the Ecumenical Temple.
  4175 | Temple   | Entered the Ecumenical Temple
  4337 | Temple   | Became a worshipper of Warmaster Okawaru
  4602 | D:5      | Entered Level 5 of the Dungeon
  4681 | D:5      | Noticed Eustachio
  4850 | D:5      | Killed Eustachio
  4850 | D:5      | Gained mutation: You have a pair of small horns on your head. [demonic ancestry]
  4850 | D:5      | Reached XP level 6. HP: 6/48 MP: 0/6
  4876 | D:5      | Slain by a hobgoblin

Vault maps used:
D:1:      dpeg_arrival_connections, hangedman_feature_mirror, roderic_lattice_a,
          minivault_23
D:2:      minmay_misc_feat_room, minivault_14
D:3:      nicolae_overflow_hidden_temple, elyvilon_altar_4
D:4:      minmay_temple_entry_trees, uniq_robin, uniq_edmund
D:5:      nicolae_ru_sacrificial_ziggurat, first_bread, sigmund_army,
          uniq_eustachio
Temple:   dpeg_five_rooms_temple

Skill      XL: |  1  2  3  4  5 |
---------------+----------------+-----
Axes           | 2 3 4 |  4.2
Armour         | 3 4 |  4.0
Fighting       | 4 |  4.2
Shields        | |  2.7

Action                   |  1- 3 |  4- 6 || total
-------------------------+-------+-------++-------
Melee: War axe           |   135 |   206 ||   341
       Kick              |    15 |       ||    15
  Use: Scroll            |       |    10 ||    10
       Potion            |       |     4 ||     4
  Eat: Chunk             |     3 |     4 ||     7
       Meat ration       |       |     1 ||     1
Armor: Scale mail        |    66 |   159 ||   225
Dodge: Dodged            |    35 |    75 ||   110
Block: Shield            |    74 |   142 ||   216
